 Dungeon Crawl Stone Soup version 0.24-a0-102-g7635c99 (webtiles) character file.

Game seed: 805832740291282014

134 Atlas the Firebug (level 4, -2/34 HPs)
             Began as a Draconian Fire Elementalist on Feb 12, 2019.
             Slain by an orc wizard
             ... wielding a +0 dagger
              (4 damage)
             ... on level 3 of the Dungeon.
             The game lasted 00:05:43 (2444 turns).

Atlas the Firebug (Draconian Fire Elementalist)     Turns: 2444, Time: 00:05:44

Health: -2/34      AC:  5    Str: 10    XL:     4   Next: 95%
Magic:  7/7        EV: 12    Int: 16    God:
Gold:   180        SH:  0    Dex: 12    Spells: 8/9 levels left

rFire    . . .     SeeInvis .   m - +4 short sword
rCold    . . .     Gourm    .   (no shield)
rNeg     . . .     Faith    .   (armour unavailable)
rPois    .         Spirit   .   (helmet restricted)
rElec    .         Reflect  .   (no cloak)
rCorr    .         Harm     .   (no gloves)
MR       .....     Rnd*Tele +   (no boots)
Stlth    +.........             (no amulet)
HPRegen  0.11/turn              (no ring)
MPRegen  0.10/turn              (no ring)

@: confused, berserk cooldown
A: unfitting armour, low mp 1, teleportitis 1, cold-blooded, AC +5
a: no special abilities


You were on level 3 of the Dungeon.
You were hungry.

You visited 1 branch of the dungeon, and saw 3 of its levels.

You collected 180 gold pieces.

Inventory:

Hand Weapons
 h - a +2 short sword of venom
 m - a +4 short sword (weapon)
Wands
 i - a wand of polymorph (8)
Scrolls
 a - 2 scrolls of teleportation
 c - a scroll of fog {unknown}
 d - a scroll of random uselessness
 g - a scroll of noise
 j - 2 scrolls of remove curse
 k - a scroll of amnesia
Comestibles
 b - 3 rations


   Skills:
 + Level 0.4 Fighting
 + Level 2.2 Dodging
 - Level 2.0 Stealth
 + Level 0.4 Unarmed Combat
 + Level 3.2 Spellcasting
 + Level 2.3 Conjurations
 + Level 3.7 Fire Magic


You had 8 spell levels left.
You knew the following spells:

 Your Spells              Type           Power        Failure   Level  Hunger
a - Flame Tongue          Conj/Fire      ##...        5%          1    None

Your spell library contained the following spells:

 Spells                   Type           Power        Failure   Level  Hunger
 Throw Flame              Conj/Fire      ##....       9%          2    ##.....
 Conjure Flame            Conj/Fire      ##......     16%         3    ###....
 Inner Flame              Hex/Fire       #.......     26%         3    ###....
 Sticky Flame             Conj/Fire      ##......     47%         4    ####...
 Fireball                 Conj/Fire      ##........   83%         5    ######.


Dungeon Overview and Level Annotations

Branches:
Dungeon (3/15)

Altars:


Innate Abilities, Weirdness & Mutations

Your plain brown scales are hard. (AC +5)
You cannot fit into any form of body armour.
You are cold-blooded and may be slowed by cold attacks.
Your magical capacity is low. (-10% MP)
You are occasionally teleported next to monsters.


Message History

The orc misses you.
The frilled lizard bites you but does no damage.
The orc wizard hits you with a +0 dagger.
* * * LOW HITPOINT WARNING * * *
The orc hits you but does no damage.
You hit the orc wizard but do no damage.
The orc wizard is moderately wounded.
You hear the quick rusting of a very distant drain.
The adder bites you.
* * * LOW HITPOINT WARNING * * *
The orc wizard gestures at you while chanting.
You are confused.
The frilled lizard misses you.
The orc wizard hits you but does no damage.
The orc hits you but does no damage. x2; The adder bites you.
* * * LOW HITPOINT WARNING * * *
You puncture the orc wizard! You tail-slap the orc wizard.
The orc wizard is almost dead.
The orc wizard hits you with a +0 dagger.
You die...

... ###### #(# ######
#....# #.# #.....
o######....# #.# #.....
............####.# #.....
.?............##.# #.....
.......=[S.l#.##.#####.....
.........o@<#.##....##.....
.........ooo#...###........
#.<...............#........
..........#####.#.#........
#.........#####.#.#........
.#..........(.#.# #........
+.....#..#.....# +.......[
#.###.#.##.#...# #........
#..............# #########


You could see 2 orc wizards, an adder, 2 orcs and a frilled lizard.

Vanquished Creatures
  Jessica (D:2)
  4 adders
  3 worms
  3 leopard geckos
  An orc (D:2)
  A ball python (D:2)
  5 bats
  3 giant cockroaches
  9 goblins
  6 hobgoblins
  6 jackals
  4 frilled lizards
  7 kobolds
  5 rats
58 creatures vanquished.

Notes
Turn   | Place    | Note
-------+----------+-------------------------------------------
     0 | D:1      | Atlas the Draconian Fire Elementalist began the quest for
                  | the Orb.
     0 | D:1      | Reached XP level 1. HP: 14/14 MP: 3/3
   244 | D:1      | Reached XP level 2. HP: 20/20 MP: 3/5
   637 | D:1      | Reached XP level 3. HP: 16/26 MP: 1/6
  1597 | D:2      | Noticed Jessica
  1604 | D:2      | Killed Jessica
  1604 | D:2      | Reached XP level 4. HP: 31/33 MP: 3/8
  2410 | D:2      | Gained mutation: Your magical capacity is low. (-10% MP)
                  | [potion of mutation]
  2410 | D:2      | Gained mutation: You are occasionally teleported next to
                  | monsters. [potion of mutation]
  2410 | D:2      | Gained mutation: Your magical capacity is very low. (-20%
                  | MP) [potion of mutation]
  2410 | D:2      | Gained mutation: Your muscles are strong. (Str +2) [potion
                  | of mutation]
  2430 | D:2      | Lost mutation: Your muscles are strong. (Str +2) [potion of
                  | mutation]
  2430 | D:2      | Gained mutation: You are agile. (Dex +2) [potion of
                  | mutation]
  2430 | D:2      | Lost mutation: You are agile. (Dex +2) [potion of mutation]
  2430 | D:2      | Lost mutation: Your magical capacity is very low. (-20% MP)
                  | [potion of mutation]
  2444 | D:3      | Slain by an orc wizard

Levels and vault maps discovered:
D:1:      lightli_arrival_isolated_outpost, layout_loops_ring,
          minmay_split_cup_large
D:2:      layout_basic, hangedman_decor_push, uniq_jessica
D:3:      layout_basic, portal_sewer_entry_e

Skill      XL: |  1  2  3  4 |
---------------+-------------+-----
Stealth        | 2 |  2.0
Dodging        | 2 |  2.2
Conjurations   | 2 |  2.3
Spellcasting   | 3 |  3.2
Fighting       | |  0.4
Unarmed Combat | |  0.4
Fire Magic     | |  3.7

Action                   |  1- 3 |  4- 6 || total
-------------------------+-------+-------++-------
Melee: Unarmed           |    65 |       ||    65
       Tailslap          |     7 |     3 ||    10
       Short sword       |       |    16 ||    16
 Cast: Flame Tongue      |    58 |    41 ||    99
  Use: Potion            |       |     6 ||     6
       Scroll            |       |     5 ||     5
  Eat: Chunk             |     3 |     2 ||     5
Armor: Skin              |    41 |    12 ||    53
Dodge: Dodged            |    74 |    24 ||    98

Table legend:
 A = Non-vault XP
 B = Vault XP
 C = Vault XP percentage of total XP
 D = Non-vault monster count
 E = Vault monster count
 F = Vault count percentage of total count
                 A         B        C        D         E       F
            +---------+---------+-------+---------+---------+-------
      Total |     148 |      44 |  22.9 |      53 |       5 |   8.6
            +---------+---------+-------+---------+---------+-------
        D:1 |      36 |       7 |  16.3 |      22 |       4 |  15.4
        D:2 |      57 |      37 |  39.4 |      21 |       1 |   4.5
        D:3 |      55 |       0 |   0.0 |      10 |       0 |   0.0
            +---------+---------+-------+---------+---------+-------
